 Dungeon Crawl Stone Soup version 0.18.1-48-g4cf74bf (webtiles) character file.

147 MistressOfTheDunes the Insei (level 5, -1/41 HPs)
             Began as a Mummy Monk on July 16, 2016.
             Slain by an adder skeleton (3 damage)
             ... while paralysed by Grinder
             ... on level 4 of the Dungeon.
             The game lasted 00:03:22 (3923 turns).

MistressOfTheDunes the Insei (Mummy Monk)           Turns: 3923, Time: 00:03:22

Health: -1/41      AC:  0    Str: 14    XL:     5   Next: 7%
Magic:  5/5        EV:  2    Int:  9    God:
Gold:   192        SH:  0    Dex: 16    Spells: 0 memorised, 4 levels left

rFire  . . .     SeeInvis .       - Unarmed
rCold  + . .     Gourm    .     (no armour)
rNeg   + + +     Faith    .     (no shield)
rPois  ∞         Spirit   .     (no helmet)
rElec  .         Dismiss  .     (no cloak)
rCorr  .         Reflect  .     (no gloves)
SustAt .         Harm     .     (no boots)
MR     .....                    (no amulet)
Stlth  ++........               e - ring of protection from fire
                                (no ring)

@: paralysed, not resistant to hostile enchantments, unstealthy
A: no food or potions, fire vulnerability, cold resistance 1, negative energy
resistance 3, torment resistance, unbreathing
a: no special abilities


You were on level 4 of the Dungeon.
You were not hungry.

You visited 1 branch of the dungeon, and saw 4 of its levels.

You collected 192 gold pieces.


Innate Abilities, Weirdness & Mutations

You do not eat or drink.
Your flesh is vulnerable to fire.
You are immune to poison.
Your flesh is cold resistant.
You are immune to negative energy.
You are immune to unholy pain and torment.
You can survive without breathing.


   Skills:
 - Level 3.0 Fighting
 + Level 3.0 Dodging
 - Level 1.5 Stealth
 - Level 5.0 Unarmed Combat


You had 4 spell levels left.
You didn't know any spells.

Inventory:

Jewellery
 e - a ring of protection from fire (right hand)
Scrolls
 a - 3 scrolls of identify {unknown}
 b - 3 scrolls of amnesia {unknown}
 c - a scroll of random uselessness {unknown}
 d - 4 scrolls of teleportation {unknown}
 f - 3 scrolls of immolation {unknown}
 g - a scroll of fear {unknown}

Dungeon Overview and Level Annotations

Branches:
Dungeon (4/15)
 Temple: D:4-7

Altars:
Ashenzari

Annotations:
D:4 Grinder

▒▒▒▒▒..... ▒......▒
▒..... ▒....... ▒......▒
▒.....▒▒....... .......+
+.............. ▒▒.g.g.▒
▒...... ....... .......+
..... ....... ▒▒..=..▒
... .......
▒▒.....▒▒▒▒▒▒▒▒'▒B......
▒.............ogMZ....▒
▒.....▒........5..▒.▒.▒
▒.....▒...........▒
▒.....▒...........▒
▒.....▒▒▒▒▒▒▒▒▒▒▒▒▒
▒.....▒
▒...(.▒▒▒▒▒▒▒▒▒▒▒▒
▒.....▒▒.........▒
.................+


You could see Grinder, a worker ant, a gnoll, an orc and an adder skeleton.


Message History

You now have 192 gold pieces (gained 13)!
Found a scroll labeled ERAUNA ONATI!
Found a knobbly copper ring!
a - 3 scrolls labeled ERAUNA ONATI (gained 1)
A gnoll comes into view!
A gnoll is nearby!!!
A gnoll comes into view! It is wielding a halberd!
The gnoll shouts!!!
A gnoll comes into view! It is wielding a whip!
The orc shouts!!!
Grinder comes into view!
An adder skeleton comes into view!
Grinder gestures at you!
You struggle to resist!
Grinder closely misses you! Grinder barely misses you!
A worker ant comes into view!
Grinder gestures at you!
You suddenly lose the ability to move!!!
Grinder hits you!
The worker ant twitches its antennae in your direction!
The gnoll hits you! The worker ant barely misses you! Grinder hits you!
The gnoll hits you!
The worker ant bites you! * * * don't die
* * * Grinder hits you!!! * * * don't die
* * * An orc opens the door!
The gnoll hits you!!! * * * don't die
* * * The adder skeleton bites you! rip

Action                   |  1- 3 |  4- 6 || total
-------------------------+-------+-------++-------
Melee: Unarmed           |   137 |   113 ||   250
       Punch             |     2 |     1 ||     3
 Stab: Sleeping          |     4 |     3 ||     7
Dodge: Dodged            |    85 |    82 ||   167

Vault maps used:
D:1:      minmay_arrival_shattered_statue, grunt_decor_mini_mirrors
D:2:      first_bread
D:3:      nicolae_overflow_crystal_walls
D:4:      grunt_temple_overflow_gold_and_silver, nicolae_overflow_hidden_temple,
          fountainhead, uniq_grinder

Notes
Turn   | Place    | Note
--------------------------------------------------------------
     0 | D:1      | MistressOfTheDunes the Mummy Monk began the quest for the Orb.
     0 | D:1      | Reached XP level 1. HP: 18/18 MP: 1/1
   276 | D:1      | Reached XP level 2. HP: 24/24 MP: 2/2
   562 | D:1      | HP: 2/24 [jackal (2)]
   933 | D:1      | Reached skill level 4 in Unarmed Combat
  1230 | D:2      | Reached XP level 3. HP: 23/29 MP: 3/3
  1991 | D:2      | Reached XP level 4. HP: 35/35 MP: 4/4
  2803 | D:3      | Reached skill level 5 in Unarmed Combat
  2985 | D:3      | Found a shattered altar of Ashenzari.
  3019 | D:3      | HP: 3/35 [worm (9)]
  3693 | D:4      | Reached XP level 5. HP: 21/41 MP: 5/5
  3865 | D:4      | Reached skill level 3 in Dodging
  3913 | D:4      | Noticed Grinder
  3919 | D:4      | Paralysed by Grinder for 7 turns
  3923 | D:4      | HP: 2/41 [gnoll (7)]
  3923 | D:4      | Slain by an adder skeleton

Vanquished Creatures
  9 adders
  2 worms
  2 dart slugs
  A giant gecko (D:1)
  A ball python (D:1)
  9 bats
  3 giant cockroaches
  6 hobgoblins
  4 jackals (D:1)
  4 kobolds
  3 quokkas
  4 giant newts
  4 goblins
  6 rats
58 creatures vanquished.
